Construct Section Command Post
Construct Platoon Command Post
Selects Australian Defense Battlegroup
Selects Australian Defense Battlegroup
Selects Australian Light Infantry Section
Selects CMP 15cwt Supply Run
Selects Reinforced Resource Caches
Australian Light Infantry Section
Unlock Bishop Self-propelled Artillery
Australian Light Infantry Section
Selects Defensive Tactics
Bishop Self-propelled Artillery
Construct Company Command Post
Selects Archer Tank Destroyer
Selects Vehicle Over Repair
Bishop Self-propelled Artillery